 Dungeon Crawl Stone Soup version 0.20-a0-59-g66a9409 (webtiles) character file.

10 KristoblXynda the Sneak (level 2, 0/13 HPs)
             Began as a Spriggan Enchanter on Nov 16, 2016.
             Slain by a kobold
             ... wielding a +0 whip
              (1 damage)
             ... on level 1 of the Dungeon.
             The game lasted 00:01:26 (495 turns).

KristoblXynda the Sneak (Spriggan Enchanter)         Turns: 495, Time: 00:01:27

Health: 0/13       AC:  3    Str:  4    XL:     2   Next: 10%
Magic:  7/7        EV: 18    Int: 16    God:
Gold:   26         SH:  0    Dex: 16    Spells: 1 memorised, 6 levels left

rFire  . . .     SeeInvis +     a - +1 dagger
rCold  . . .     Gourm    .     b - +1 robe
rNeg   . . .     Faith    .     (shield restricted)
rPois  .         Spirit   .     (helmet restricted)
rElec  .         Reflect  .     (no cloak)
rCorr  .         Harm     .     (gloves unavailable)
MR     .....                    (boots unavailable)
Stlth  +++.......               (no amulet)
                                (no ring)
                                (no ring)

@: very quick
A: unfitting armour, see invisible, herbivore 3, speed 3, slow metabolism 2
a: no special abilities


You were on level 1 of the Dungeon.
You were not hungry.

You visited 1 branch of the dungeon, and saw 1 of its levels.

You collected 26 gold pieces.

Inventory:

Hand Weapons
 a - a +1 dagger (weapon)
Armour
 b - a +1 robe (worn)
Scrolls
 f - a scroll of identify {unknown}
 h - a scroll of recharging {unknown}
 i - a scroll of amnesia {unknown}
Potions
 e - a potion of agility {unknown}
 g - a potion of curing {unknown}
 j - a potion of degeneration {unknown}
Books
 c - a book of Maledictions

   Spells                             Type                      Level
   a - Corona                         Hexes                        1
   b - Ensorcelled Hibernation        Hexes/Ice                    2
   c - Confuse                        Hexes                        3
   d - Tukima's Dance                 Hexes                        3
   e - Dazzling Spray                 Conjuration/Hexes            3
Comestibles
 d - a bread ration


   Skills:
 - Level 1.1 Short Blades
 - Level 3.0 Dodging
 + Level 4.6 Stealth
 + Level 3.0 Spellcasting
 + Level 4.0 Hexes


You had 6 spell levels left.
You knew the following spells:

 Your Spells              Type           Power        Failure   Level  Hunger
a - Corona                Hex            ###....      4%          1    #......


Dungeon Overview and Level Annotations

Branches:
Dungeon (1/15)

Altars:


Innate Abilities, Weirdness & Mutations

You are very small and have problems with some larger weapons.
You are too small for most types of armour.
You have supernaturally acute eyesight. (SInv)
You are a herbivore.
You cover ground extremely quickly.
You need consume almost no food.


Message History

The jackal is moderately wounded.
The jackal completely misses you.
You miss the jackal.
The jackal is moderately wounded.
The jackal closely misses you.
You closely miss the jackal.
The jackal is moderately wounded.
The jackal misses you. x2
You closely miss the jackal.
The jackal is moderately wounded.
The jackal closely misses you.
You hit the jackal but do no damage.
The jackal is moderately wounded.
The jackal bites you.
* * * LOW HITPOINT WARNING * * *
Unknown command.
The kobold shouts!
The jackal barks!
The kobold barely misses you.
You closely miss the kobold. The kobold hits you with a whip.
You die...

##..# #.##..#######..# ##.##
##..#..##...##..##
##.###########......#.###[#...#
...........h...#....#.#>#.'...#
#..##############...#.##'.#...#
..###### #...##...##...#
........ #...####'##...#
....### #######..........<..#
.##.# ..#..K@..h..........# .#
.# #.......#......###..# .# .##
#........#..........## .##..###
..##.....#......##### ........
.###............# ........
........#......# .#######
.######.#......# ..# #.########
..# #..#


You could see a jackal and a kobold.

Vanquished Creatures
  A goblin (D:1)
  5 jackals (D:1)
  A bat (D:1)
  2 kobolds (D:1)
9 creatures vanquished.

Notes
Turn   | Place    | Note
-------+----------+-------------------------------------------
     0 | D:1      | KristoblXynda the Spriggan Enchanter began the quest for the Orb.
     0 | D:1      | Reached XP level 1. HP: 9/9 MP: 5/5
   435 | D:1      | Reached XP level 2. HP: 11/13 MP: 6/6
   495 | D:1      | Slain by a kobold

Vault maps used:
D:1:      minmay_arrival_stone_box

Skill      XL: |  1  2 |
---------------+-------+-----
Hexes          | 4 |  4.0
Spellcasting   | 3 |  3.0
Short Blades   | |  1.1
Dodging        | |  3.0
Stealth        | |  4.6

Action                   || total
-------------------------++-------
Melee: Dagger            ||    98
 Stab: Sleeping          ||     1
Armor: Robe              ||    19
Dodge: Dodged            ||    89
